 Dungeon Sprint DCSS version 0.30-a0-862-g1aabd4f9c5 (webtiles) character file.

Game seed: 9759652682073169818

172 Demosthentine the Trooper (level 5, 0/46 HPs)
             Began as a Demonspawn Gladiator on Mar 9, 2023.
             Was an Initiate of Hepliaklqana.
             Slain by a gnoll bouda
             ... wielding a +0 club
              (7 damage)
             ... in the Dungeon (Sprint VII: "The Pits").
             The game lasted 00:01:05 (223 turns).

Demosthentine the Trooper (Demonspawn Gladiator)     Turns: 223, Time: 00:01:06

Health: 0/46       AC:  5    Str: 16    XL:     5   Next: 27%
Magic:  5/5        EV: 14    Int: 10    God:    Hepliaklqana [......]
Gold:   0          SH:  0    Dex: 14    Spells: 4/4 levels left

rFire   . . .      SeeInvis .    l - +2 trident
rCold   . . .      Faith    .    (no shield)
rNeg    . . .      Spirit   .    b - +0 leather armour
rPois   .          Reflect  .    (helmet restricted)
rElec   .          Rampage  .    (no cloak)
rCorr   .          NoTele   +    (no gloves)
Will    .....                    (no boots)
Stlth   +                        (no amulet)
HPRegen 0.27/turn                (no ring)
MPRegen 0.09/turn                (no ring)

@: no status effects
A: horns 2, yellow scales 1, demonic magic 1
a: Renounce Religion


You were in the Dungeon.
You worshipped Hepliaklqana.
Hepliaklqana was noncommittal.
You visited 1 branch

Inventory:

Hand Weapons
 l - a +2 trident (weapon)
Missiles
 d - 2 throwing nets (quivered)
 e - a javelin
Armour
 b - a +0 leather armour (worn)
Scrolls
 k - a scroll of blinking
 m - 5 scrolls of amnesia
 n - a scroll of summoning
Potions
 a - 2 potions of invisibility
 f - 6 potions of curing
 g - 6 potions of heal wounds
 h - a potion of haste
 i - 4 potions of magic
 j - 3 potions of berserk rage


   Skills:
 + Level 5.7 Fighting
 + Level 5.6 Polearms
 - Level 1.7 Throwing
 + Level 4.7 Armour
 + Level 5.6 Dodging


You had 4 spell levels left.
You didn't know any spells.
Your spell library was empty.

Dungeon Overview and Level Annotations

Branches:
Dungeon (1/1)

Altars:
Ashenzari
Cheibriados
Dithmenos
Fedhas
Gozag
Hepliaklqana
Kikubaaqudgha
Makhleb
Nemelex Xobeh
Okawaru
Qazlal
Ru
Sif Muna
Trog
Uskayaw
Vehumet
Wu Jian
Xom
Yredelemnul
Jiyva
Lugonu


Innate Abilities, Weirdness & Mutations

You have a pair of horns on your head.
You are partially covered in yellow scales. (AC +2)
Spells you cast may paralyse adjacent enemies.


Message History

You hit the bullfrog.
The bullfrog is severely wounded.
The bullfrog closely misses you. The bullfrog hits you.
You puncture the bullfrog!
You kill the bullfrog!
The hound bites you but does no damage.
Your Fighting skill increases to level 5!
Your Polearms skill increases to level 5!
Your Armour skill increases to level 4!
Your Dodging skill increases to level 5!
You have reached level 5!
Your demonic ancestry asserts itself...
The horns on your head grow some more.
You puncture the hound!
The hound is severely wounded.
The hound bites you.
You are too injured to fight recklessly!
You are too injured to fight recklessly!
You are too injured to fight recklessly!
You are too injured to fight recklessly!
You are too injured to fight recklessly!
You barely miss the hound.
You headbutt the hound, but do no damage.
The hound is severely wounded.
The hound bites you.
A gnoll comes into view. It is wielding a +0 flail.
The hound barely misses you.
The gnoll shouts!
You puncture the hound!
You kill the hound!
A gnoll comes into view. It is wielding a +0 flail.
You puncture the gnoll bouda!
The gnoll bouda is heavily wounded.
The gnoll is no longer moving quickly.
The gnoll bouda hits you with a +0 club!
* * * LOW HITPOINT WARNING * * *
You hit the gnoll bouda.
The gnoll bouda is severely wounded.
The gnoll bouda hits you with a +0 club!
You die...

#.?(.')))'.##.....
##########.##.....
#..........†'.....
#'#####'#####.....
#.#...†.#..##.....
#.#.†...#))#####'#
#.###[###))##.....
#.#.....#))##.....
#@#.....#[[##.....
#g####)##'###...<.
#Z#.)......##.....
#g#........##.....
#g###########.....
#.. ###### #..#
#... ##.##


You could see a gnoll bouda, 2 gnolls and a quokka skeleton.

Vanquished Creatures
  A bullfrog (D)
  A scorpion (D)
  A hound (D)
  An adder (D)
  3 ball pythons (D)
  A hobgoblin (D)
  A kobold (D)
  A bat (D)
  A goblin (D)
11 creatures vanquished.

Notes
Turn   | Place    | Note
-------+----------+-------------------------------------------
     0 | D        | Demosthentine the Demonspawn Gladiator began the quest for
                  | the Orb.
     0 | D        | Reached XP level 1. HP: 16/16 MP: 1/1
     8 | D        | Noticed a scorpion
    27 | D        | Killed a scorpion
    28 | D        | Gained mutation: You are partially covered in yellow
                  | scales. (AC +2) [demonic ancestry]
    28 | D        | Reached XP level 2. HP: 4/25 MP: 2/2
    28 | D        | Gained mutation: Spells you cast may paralyse adjacent
                  | enemies. [demonic ancestry]
    28 | D        | Reached XP level 3. HP: 5/30 MP: 3/3
    66 | D        | Found a basalt altar of Yredelemnul.
    66 | D        | Found a shimmering altar of Xom.
    66 | D        | Found an ornate altar of the Wu Jian Council.
    66 | D        | Found a bloodstained altar of Trog.
    66 | D        | Found a shimmering blue altar of Sif Muna.
    66 | D        | Found a sacrificial altar of Ru.
    66 | D        | Found a stormy altar of Qazlal.
    66 | D        | Found an iron altar of Okawaru.
    66 | D        | Found a sparkling altar of Nemelex Xobeh.
    66 | D        | Found a burning altar of Makhleb.
    66 | D        | Found a viscous altar of Jiyva.
    66 | D        | Found a hazy altar of Hepliaklqana.
    66 | D        | Found an opulent altar of Gozag.
    66 | D        | Found a blossoming altar of Fedhas.
    66 | D        | Found a shadowy altar of Dithmenos.
    66 | D        | Found a snail-covered altar of Cheibriados.
    67 | D        | Found a radiant altar of Vehumet.
    67 | D        | Found a corrupted altar of Lugonu.
    68 | D        | Found an ancient bone altar of Kikubaaqudgha.
    68 | D        | Found a hide-covered altar of Uskayaw.
    68 | D        | Found a broken altar of Ashenzari.
    70 | D        | Became a worshipper of Hepliaklqana the Forgotten
   149 | D        | Gained mutation: You have a pair of small horns on your
                  | head. [demonic ancestry]
   149 | D        | Reached XP level 4. HP: 36/38 MP: 4/4
   206 | D        | Noticed a bullfrog
   218 | D        | Killed a bullfrog
   219 | D        | Reached skill level 5 in Fighting
   219 | D        | Reached skill level 5 in Polearms
   219 | D        | Reached skill level 5 in Dodging
   219 | D        | Gained mutation: You have a pair of horns on your head.
                  | [demonic ancestry]
   219 | D        | Reached XP level 5. HP: 23/44 MP: 5/5
   223 | D        | Slain by a gnoll bouda

Illustrated notes

Levels and vault maps discovered:
D:        pitsprint [storerooms_1, entrance_room_1, metal_vault_8, armoury_2,
          mini_pit_1, grid_room_1, main_hall_1, silver_pit, the_coven_1,
          the_vestibule_1, steel_vault_1, golden_pit, hallway_of_sentries,
          crystal_vault_4, iron_vault_3, final_vault]

Skill      XL: |  1  2  3  4 |
---------------+-------------+-----
Fighting       | 4 5 |  5.7
Polearms       | 4 5 |  5.6
Armour         | 3 4 |  4.7
Dodging        | 4 5 |  5.6
Throwing       | |  1.7

Action                     |  1- 3 |  4- 6 || total
---------------------------+-------+-------++-------
  Melee: Trident           |    23 |    20 ||    43
         Headbutt          |       |     2 ||     2
  Throw: Throwing net      |     3 |       ||     3
 Armour: Leather armour    |     9 |     2 ||    11
  Dodge: Dodged            |    18 |    10 ||    28

Table legend: (Time is in decaauts)
 A = Elapsed time spent in this place.
 B = Non-inter-level travel time spent in this place.
 C = Inter-level travel time spent in this place.
 D = Time resting spent in this place.
 E = Time spent auto-exploring this place.
 F = Levels seen in this place.
 G = Mean time per level.
                   A        B        C        D        E       F      G
               +--------+--------+--------+--------+--------+-----+--------+
         Total |    226 |    226 |      0 |     57 |      0 |   1 |  226.0 |
       Dungeon |    226 |    226 |      0 |     57 |      0 |   1 |  226.0 |
               +--------+--------+--------+--------+--------+-----+--------+

Top non-repeatable levels by time:
       D: 226 daAuts
